 Dungeon Crawl Stone Soup version 0.28.0-53-g5a82cb258f (webtiles) character file.

Game seed: 4706062022109199440

24 Faeu the Insei (level 3, -4/28 HPs)
             Began as a Djinni Transmuter on May 30, 2022.
             Slain by a worm (8 damage)
             ... on level 2 of the Dungeon.
             The game lasted 00:04:11 (1913 turns).

Faeu the Insei (Djinni Transmuter)                  Turns: 1913, Time: 00:04:12

Health: -4/28      AC:  4    Str:  9    XL:     3   Next: 15%
Gold:   39         EV: 12    Int: 14    God:
                   SH:  0    Dex: 15

rFire   + + .      SeeInvis .     - Unarmed
rCold   x . .      Faith    .   (no shield)
rNeg    . . .      Spirit   .   a - +0 robe
rPois   ∞          Reflect  .   g - +0 helmet
rElec   .          Harm     .   h - +0 cloak
rCorr   .          Rampage  .   (no gloves)
Will    .....                   (boots unavailable)
Stlth   +.........              (no amulet)
HPRegen 0.09/turn               (no ring)
MPRegen 0.00/turn               (no ring)

@: wereblooded, flying
A: sickness immunity, fire resistance 2, cold vulnerability 1, float, innate
caster, HP casting, extra vitality 1
a: no special abilities


You were on level 2 of the Dungeon.
You visited 1 branch of the dungeon, and saw 2 of its levels.

You collected 39 gold pieces.


Innate Abilities, Weirdness & Mutations

You are immune to sickness and miasma.
You are immune to poison.
Your flesh is very heat resistant. (rF++)
You are vulnerable to cold. (rC-)
You float through the air rather than walking.
You learn spells naturally, not from books.
Your magical power is your life essence.
You have superior vitality. (+4 MHP)


   Skills:
 + Level 2.1 Fighting
 - Level 2.1 Dodging
 + Level 3.5 Unarmed Combat
 - Level 1.5 Spellcasting


You couldn't memorise any spells.
You knew the following spells:

 Your Spells              Type           Power      Damage    Failure   Level
a - Beastly Appendage     Tmut           10%        N/A       13%         1
b - Wereblood             Tmut           5%         N/A       21%         2
c - Spider Form           Tmut/Pois      5%         N/A       36%         3
d - Ice Form              Ice/Tmut       5%         N/A       78%         4
e - Pain                  Necr           20%        1d5       13%         1
Your spell library was empty.

Inventory:

Missiles
 f - 81 stones {throwing}
 i - 17 arrows
Armour
 a - a +0 robe (worn)
 g - a +0 helmet (worn)
   (You found it on level 1 of the Dungeon)
 h - a +0 cloak (worn)
   (You found it on level 1 of the Dungeon)
Scrolls
 c - 2 scrolls of vulnerability {unknown}
 d - a scroll of teleportation {unknown}
 e - a scroll of enchant weapon {unknown}
 k - a scroll of immolation {unknown}
Potions
 b - a potion of heal wounds {unknown}
 j - a potion of might {unknown}
 l - a potion of degeneration {unknown}

Dungeon Overview and Level Annotations

Branches:
Dungeon (2/15)

Altars:

.............
............
...........###
...................
..................###
..........#......... .
..........#...:.w###...
..........#....@.......
..........#..#.........
..............)........
.........[.............
.......................
........<..............
#.........#............
#.........#..........##
#.........#....#.....+


You could see a worm.


Message History

You see here a giant cockroach corpse.
You howl as the wereblood boils in your veins!
Your primal bloodlust is almost over.
You hear a shout!
A kobold comes into view. It is wielding a +0 dagger.
Your primal bloodlust has ended.
You hit the kobold. The kobold misses you.
You closely miss the kobold. The kobold hits you but does no damage.
You closely miss the kobold. The kobold closely misses you. 😕 HP[+1]
You closely miss the kobold. The kobold completely misses you.
You closely miss the kobold. The kobold closely misses you.
You hit the kobold.
You kill the kobold!
You see here a +0 dagger {short}.
c - 2 scrolls labelled JELYXKIM SAXT (gained 1)
You see here a +0 dagger {short}.
You see here a +0 short sword {short}.
Done exploring.
No target in view! 😎 HP[+3] Done exploring.
No target in view!
Really fly into that teleport trap?
Okay, then.
(D) Dungeon
Where to? (? - help)
There is a stone staircase leading down here.
You fly downwards.
There is a stone staircase leading up here.
k - a scroll labelled DOFIUJ FAZA A hobgoblin comes into view.
The hobgoblin moves out of view.
You hit the hobgoblin but do no damage. The hobgoblin hits you. 😕 HP[-3]
You take 3 damage, and now have 25/28 hp.
You barely miss the hobgoblin. The hobgoblin barely misses you.
You hit the hobgoblin. You closely miss the hobgoblin.
The hobgoblin barely misses you.
You barely miss the hobgoblin. The hobgoblin barely misses you.
You hit the hobgoblin. The hobgoblin barely misses you.
You hit the hobgoblin.
You kill the hobgoblin! 😕 HP[+1] HP restored.
l - a bubbling cyan potion No target in view! 😎 HP[+2]
You now have 39 gold pieces (gained 16).
You see here a +0 ring mail.
A goblin comes into view. It is wielding a +0 club.
The goblin shouts!
The goblin hits you but does no damage. The goblin hits you with a +0 club.
A worm comes into view. 😕 HP[-1]
You take 1 damage, and now have 27/28 hp.
You hit the goblin but do no damage.
The goblin hits you with a +0 club. 😕 HP[-3]
You take 3 damage, and now have 24/28 hp.
You closely miss the goblin.
The goblin hits you with a +0 club. 😕 HP[-1]
You take 1 damage, and now have 23/28 hp.
You hit the goblin.
The goblin hits you with a +0 club. 😕 HP[-1]
You take 1 damage, and now have 22/28 hp.
You closely miss the goblin. The goblin closely misses you.
You hit the goblin.
You kill the goblin!
You see here a +0 club {mace}.
Your blood is infused with primal strength. 😮 HP[-2]
You take 2 damage, and now have 20/28 hp.
The worm barely misses you.
You hit the worm. The worm bites you.
* * * LOW HITPOINT WARNING * * *
😨 HP[-6]
You take 6 damage, and now have 14/28 hp.
MASSIVE DAMAGE!! (PAUSE)
You hit the worm. 😮 HP[+1]
You barely miss the worm. The worm bites you.
* * * LOW HITPOINT WARNING * * *
😨 HP[-2]
You take 2 damage, and now have 13/28 hp.
You hit the worm. You hit the worm. The worm closely misses you.
You hit the worm. The worm bites you.
* * * LOW HITPOINT WARNING * * *
😨 HP[-1]
You take 1 damage, and now have 12/28 hp.
You barely miss the worm. You hit the worm. The worm bites you!
* * * LOW HITPOINT WARNING * * *
😱 HP[-8]
You take 8 damage, and now have 4/28 hp.
MASSIVE DAMAGE!! (PAUSE)
You barely miss the worm. You barely miss the worm. The worm bites you!
You die...

Skill      XL: |  1  2 |
---------------+-------+-----
Fighting       | 2 |  2.1
Dodging        | |  2.1
Unarmed Combat | |  3.5
Spellcasting   | |  1.5

Action                   || total
-------------------------++-------
Melee: Unarmed           ||   115
       Punch             ||     2
 Cast: Beastly Appendage ||     4
       Wereblood         ||     3
Armor: Robe              ||    49
Dodge: Dodged            ||    92

Levels and vault maps discovered:
D:1:      tarquinn_simple_flora_water_a, layout_loops_ring,
          ebering_ecumenical_altar_rust, minmay_tetromino_l2
D:2:      layout_basic, minmay_misc_feat_doors, minmay_cut_off

Notes
Turn   | Place    | Note
-------+----------+-------------------------------------------
     0 | D:1      | Faeu the Djinni Transmuter began the quest for the Orb.
     0 | D:1      | Reached XP level 1. HP: 17/17 MP: 0/0
     0 | D:1      | magus.rc [v1.9.6]
   561 | D:1      | Found a faded altar of an unknown god.
   660 | D:1      | Reached XP level 2. HP: 20/22 MP: 0/0
   907 | D:1      | HP: 4/23 [hobgoblin (2)]
  1582 | D:1      | Reached skill level 2 in Fighting
  1582 | D:1      | Reached XP level 3. HP: 24/28 MP: 0/0
  1582 | D:1      | Learned a level 1 spell: Pain
  1911 | D:2      | HP: 4/28 [worm (8)]
  1913 | D:2      | Slain by a worm

Vanquished Creatures
  A dart slug (D:1)
  3 endoplasms (D:1)
  2 giant cockroaches (D:1)
  2 goblins
  2 hobgoblins
  2 kobolds (D:1)
  A quokka (D:1)
  2 ball pythons (D:1)
  2 bats (D:1)
  2 frilled lizards (D:1)
  A rat (D:1)
20 creatures vanquished.

Table legend:
 A = Non-vault XP
 B = Vault XP
 C = Vault XP percentage of total XP
 D = Non-vault monster count
 E = Vault monster count
 F = Vault count percentage of total count
                 A         B        C        D         E       F
            +---------+---------+-------+---------+---------+-------
      Total |      34 |       1 |   2.9 |      19 |       1 |   5.0
            +---------+---------+-------+---------+---------+-------
        D:1 |      30 |       1 |   3.2 |      17 |       1 |   5.6
        D:2 |       4 |       0 |   0.0 |       2 |       0 |   0.0
            +---------+---------+-------+---------+---------+-------

Illustrated notes

Table legend:
 A = Kills in this place as a percentage of kills in entire the game.
 B = Kills by you in this place as a percentage of kills by you in the entire game.
 C = Kills by friends in this place as a percentage of kills by friends in the entire game.
 D = Other kills in this place as a percentage of other kills in the entire game.
 E = Experience gained in this place as a percentage of experience gained in the entire game.
 F = Experience gained in this place divided by the number of levels of this place that you have seen.
                   A       B       C       D       E      F
               +-------+-------+-------+-------+-------+----------------------
         Total | 100.0 | 100.0 |   N/A |   N/A | 100.0 |  17.5
       Dungeon | 100.0 | 100.0 |   N/A |   N/A | 100.0 |  17.5
               +-------+-------+-------+-------+-------+----------------------

Table legend: (Time is in decaauts)
 A = Elapsed time spent in this place.
 B = Non-inter-level travel time spent in this place.
 C = Inter-level travel time spent in this place.
 D = Time resting spent in this place.
 E = Time spent auto-exploring this place.
 F = Levels seen in this place.
 G = Mean time per level.
                   A        B        C        D        E       F      G
               +--------+--------+--------+--------+--------+-----+--------+
         Total |   1906 |   1886 |     20 |    403 |   1004 |   2 |  953.0 |
       Dungeon |   1906 |   1886 |     20 |    403 |   1004 |   2 |  953.0 |
               +--------+--------+--------+--------+--------+-----+--------+

Top non-repeatable levels by time:
     D:1: 1809 daAuts
     D:2: 96 daAuts
